 Dungeon Crawl Stone Soup version 0.17.0-28-g6e173f8 (webtiles) character file.

3584 M4edhros the Covert (level 10, -6/63 HPs)
             Began as an Octopode Wanderer on Nov 25, 2015.
             Was a Believer of Fedhas.
             Mangled by a hill giant
             ... wielding a +0 giant club
              (31 damage)
             ... on level 9 of the Dungeon.
             The game lasted 00:17:03 (8364 turns).

M4edhros the Covert (Octopode Wanderer)             Turns: 8364, Time: 00:17:03

Health: -6/63      AC:  1    Str: 12    XL:     10   Next: 10%
Magic:  15/15      EV: 11    Int: 10    God:    Fedhas [**....]
Gold:   136        SH:  5    Dex: 17    Spells: 0 memorised, 11 levels left

rFire  . . .     SeeInvis .     v - +0 blowgun
rCold  + . .     Clarity  .     n - +1 buckler
rNeg   . . .     SustAt   +     (helmet restricted)
rPois  .         Gourm    .     o - amulet of rage
rElec  .         Spirit   .     m - ring of sustain attributes
rCorr  .         Warding  .     (no ring)
rMut   .         Stasis   .     (no ring)
MR     .....                    (no ring)
Stlth  +++++++...               (no ring)
                                (no ring)
                                (no ring)
                                (no ring)

@: not resistant to hostile enchantments, extremely stealthy
A: almost no armour, amphibious, 8 rings, constrict 8, camouflage 1, cold
resistance 1, dopey 1, sense surroundings 1, slow regeneration 1, gelatinous
body 1
a: Evolution, Sunlight, Renounce Religion, Evoke Berserk Rage


You were on level 9 of the Dungeon.
You worshipped Fedhas.
Fedhas was pleased with you.
You were hungry.

You visited 2 branches of the dungeon, and saw 10 of its levels.

You collected 460 gold pieces.
You spent 324 gold pieces at shops.

Inventory:

Hand Weapons
 a - a +2 short sword
 d - a +0 dagger
 v - a +0 blowgun (weapon)
 y - a +2 hunting sling
 H - a +4 rapier
Missiles
 f - 212 stones
 i - 62 sling bullets
 w - 35 poisoned needles (quivered)
Armour
 n - a +1 buckler (worn)
Jewellery
 m - a ring of sustain attributes (left tentacle)
 o - an amulet of rage (around mantle)
Wands
 c - a wand of magic darts (40)
 p - a wand of slowing (18)
 q - a wand of frost (22)
 t - a wand of flame (43)
Scrolls
 e - a scroll of immolation
 g - a scroll of recharging
 h - 3 scrolls of teleportation
 j - a scroll of fear
 u - a scroll of amnesia
 x - a scroll of remove curse
 B - a scroll of fog
 D - a scroll of magic mapping
 E - a scroll of enchant armour
 F - 2 scrolls of noise
 G - a scroll of random uselessness {unknown}
 I - 3 scrolls of identify
 J - a scroll of vulnerability {unknown}
Potions
 b - 4 potions of curing
 k - a potion of haste
 r - 3 potions of degeneration
 C - a potion of brilliance
Books
 A - a book of Death

   Spells                             Type                      Level
   a - Corpse Rot                     Necromancy                   2
   b - Sublimation of Blood           Necromancy                   2
   c - Agony                          Necromancy                   5
   d - Dispel Undead                  Necromancy                   5
   e - Excruciating Wounds            Charms/Necromancy            5
   f - Bolt of Draining               Conjuration/Necromancy       5
Comestibles
 l - 11 fruits
 s - 9 bread rations
 K - a meat ration


   Skills:
 - Level 3.0 Fighting
 - Level 1.0 Short Blades
 * Level 6.7 Slings
 - Level 1.0 Dodging
 + Level 12.8 Stealth
 - Level 1.0 Spellcasting
   Level 1.0 Charms
   Level 1.0 Ice Magic
 + Level 5.0 Invocations
 * Level 7.4 Evocations


You had 11 spell levels left.
You didn't know any spells.

Dungeon Overview and Level Annotations

Branches:
Dungeon (9/15)             Temple (1/1) D:4
   Lair: D:8-11         Orc: D:9-12

Altars:
Ashenzari
Cheibriados
Dithmenos
Elyvilon
Fedhas
Gozag
Kikubaaqudgha
Makhleb
Nemelex Xobeh
Okawaru
Qazlal
Ru
Sif Muna
Trog
Vehumet
Xom
Yredelemnul
Zin
The Shining One

Shops:
D:6 *   D:7 (*[[

Annotations:
D:4 Elvalys's ghost, amateur DsGl


Innate Abilities, Weirdness & Mutations

You cannot wear most types of armour.
You are amphibious.
You can wear up to eight rings at the same time.
You can use your tentacles to constrict eight enemies at once.
Your skin changes colour to match your surroundings (Stealth).
Your rubbery body absorbs attacks (AC +1).
Your flesh is cold resistant.
You are dopey. (Int -2)
You passively map a small area around you.
You regenerate slowly when monsters are visible.


Message History

The curare-tipped needle hits the hill giant.
The hill giant convulses.
The hill giant seems to be slow for longer.
The hill giant is heavily wounded.
An orc comes into view. It is wielding a short sword.
Firing (i - inventory. (,) - cycle):
z - a curare-tipped needle (quivered)
Press: ? - help, Shift-Dir - straight line, f/p - hill giant
Aim: a hill giant, wielding a giant club (heavily wounded, slow, poisoned)
You shoot a curare-tipped needle.
The curare-tipped needle hits the hill giant.
The hill giant convulses.
The hill giant seems to be slow for longer.
The hill giant is severely wounded.
You try to slip out of the net.
You try to slip out of the net.
You struggle against the net.
You slip out of the net!
The hill giant hits you with a giant club!!
You die...
Fedhas appreciates your contribution to the ecosystem.

### * #...###
##.#####.###.......# *
#####......##...........
.........)).##..........
.....#.......#..........
* ,
....####................
..<.# ###P.............,
* ...## ##....f........
...# ***###..f@C.((...
#.## * ,,, ##.>.....(..
.. ###.(....(. * .#
##..o...( , . , *
....... , . , ** #.#....
, * ###... , , , #?. , *
,


You could see a hill giant, an orc and 2 friendly wandering mushrooms.

Vanquished Creatures
  Grinder (D:4)
  Sigmund (D:2)
  A spriggan (D:7)
  A wyvern (D:8)
  The ghost of baaltosaur the Skirmisher, an amateur DrAK of Lugonu (D:3)
  An orc warrior (D:9)
  3 ogres
  3 giant frogs
  Dowan (D:6)
  A wight (D:8)
  A killer bee (D:8)
  2 vampire bats (D:8)
  A centaur zombie (D:5)
  2 giant frog skeletons
  Ijyb (D:2)
  Terence (D:2)
  2 worker ants
  Natasha (twice) (D:4)
  5 orc wizards
  An iguana (D:4)
  A hound zombie (D:8)
  3 adders
  4 gnolls (D:8)
  A shadow imp (D:4)
  An ooze (D:2)
  A worm (D:2)
  2 adder skeletons
  10 giant geckos
  21 orcs
  5 giant cockroaches
  7 goblins
  6 hobgoblins
  4 jackals
  4 quokkas
  A ball python (D:3)
  10 bats
  A giant gecko skeleton (D:8)
  4 giant newts
  2 gnoll zombies (D:3)
  A jackal zombie (D:8)
  5 kobolds
  A quokka skeleton (D:4)
  11 rats
138 creatures vanquished.

Vanquished Creatures (collateral kills)
  The ghost of Elvalys the Ducker, an amateur DsGl (D:6)
  Duvessa (D:6)
  A sky beast (D:6)
  A phantom (D:6)
  An orc warrior (D:6)
  2 ice beasts
  3 ogres
  2 centaurs (D:5)
  9 wights
  5 killer bees (D:8)
  2 crimson imps
  A vampire bat (D:8)
  A hound (D:4)
  A gnoll shaman (D:8)
  An iguana (D:9)
  Crazy Yiuf (D:6)
  A giant frog skeleton (D:8)
  3 orc wizards
  5 orc priests
  4 worker ants
  A hound zombie (D:6)
  2 gnolls (D:8)
  An adder zombie (D:5)
  A worm (D:8)
  7 orcs
  Natasha (D:4)
  3 bats (D:8)
  A toadstool (D:9)
63 creatures vanquished.

Vanquished Creatures (others)
  A necrophage (D:5)
  A wasp zombie (D:9)
  A killer bee zombie (D:8)
  A worker ant zombie (D:8)
  7 wandering mushrooms
  102 toadstools
113 creatures vanquished.

Grand Total: 314 creatures vanquished

Notes
Turn   | Place    | Note
--------------------------------------------------------------
     0 | D:1      | M4edhros the Octopode Wanderer began the quest for the Orb.
     0 | D:1      | M4edhros set off with: a +2 short sword, a potion of curing, a scroll of teleportation, a +0 dagger, a bread ration
     0 | D:1      | Reached XP level 1. HP: 16/16 MP: 2/2
    88 | D:1      | Reached XP level 2. HP: 19/21 MP: 3/3
   183 | D:1      | Reached skill level 4 in Stealth
   321 | D:1      | Reached XP level 3. HP: 22/26 MP: 4/4
   462 | D:2      | Found a bloodstained altar of Trog.
   611 | D:2      | Reached skill level 5 in Stealth
   636 | D:2      | Found an ancient bone altar of Kikubaaqudgha.
   702 | D:2      | Noticed Ijyb
   715 | D:2      | Killed Ijyb
   715 | D:2      | Reached skill level 6 in Stealth
   715 | D:2      | Reached XP level 4. HP: 25/31 MP: 5/5
   763 | D:3      | Noticed baaltosaur's ghost (amateur DrAK)
  1041 | D:4      | Noticed Elvalys's ghost (amateur DsGl)
  1070 | D:4      | Found a glowing silver altar of Zin.
  1200 | D:4      | Noticed Grinder
  1208 | D:4      | Paralysed by Grinder for 4 turns
  1217 | D:4      | Killed Grinder
  1217 | D:4      | Reached skill level 9 in Stealth
  1217 | D:4      | Reached XP level 5. HP: 8/36 MP: 6/6
  1217 | D:4      | Reached XP level 6. HP: 9/42 MP: 7/7
  1231 | D:4      | Gained mutation: You passively map a small area around you. [potion of mutation]
  1231 | D:4      | Gained mutation: You regenerate slowly when monsters are visible. [potion of mutation]
  1231 | D:4      | Gained mutation: Your flesh is cold resistant. [potion of mutation]
  1473 | D:4      | Noticed Natasha
  1478 | D:4      | Killed Natasha
  1498 | D:4      | Found a staircase to the Ecumenical Temple.
  1498 | D:4      | Noticed an ice beast
  1583 | D:3      | Found a basalt altar of Yredelemnul.
  1756 | D:3      | Found a blossoming altar of Fedhas.
  1791 | Temple   | Entered the Ecumenical Temple
  1955 | Temple   | Became a worshipper of Xom the Random
  2006 | D:3      | XOM: potion effect (agility)
  2019 | D:3      | XOM: potion effect (berserk rage)
  2029 | D:3      | Killed baaltosaur's ghost
  2029 | D:3      | Reached skill level 10 in Stealth
  2029 | D:3      | Reached XP level 7. HP: 46/46 MP: 8/8
  2046 | D:3      | Fell from the grace of Xom
  2046 | D:3      | Became a worshipper of Fedhas Madash
  2801 | D:2      | Noticed Sigmund
  2806 | D:2      | Noticed Terence
  2811 | D:2      | Killed Sigmund
  2811 | D:2      | Reached skill level 11 in Stealth
  2815 | D:2      | Killed Terence
  3105 | D:2      | XOM: severe Necr miscast
  3106 | D:2      | Noticed a reaper
  3221 | D:3      | XOM: mild Chrm miscast
  3264 | D:3      | Reached * piety under Fedhas
  3303 | D:3      | Found a radiant altar of Vehumet.
  3385 | D:3      | XOM: give mutation
  3385 | D:3      | XOM: draining
  3387 | D:3      | Found a glowing golden altar of the Shining One.
  3650 | D:3      | XOM: medium Tloc miscast
  3739 | D:4      | Killed an ice beast
  3739 | D:4      | Reached skill level 1 in Evocations
  3970 | D:4      | Reached skill level 1 in Slings
  4042 | D:4      | Reached XP level 8. HP: 32/52 MP: 9/9
  4159 | D:4      | Noticed Natasha
  4168 | D:4      | Killed Natasha
  4226 | D:4      | XOM: medium Trmt miscast
  4228 | D:4      | Reached skill level 1 in Invocations
  4229 | D:4      | Noticed Natasha
  4239 | D:4      | Killed Natasha
  4254 | D:4      | Noticed an oklob plant
  4254 | D:4      | a wandering mushroom changed into an oklob plant
  4254 | D:4      | XOM: polymorph wandering mushroom -> oklob plant
  4279 | D:4      | XOM: mild Chrm miscast
  4586 | D:5      | Entered Level 5 of the Dungeon
  4767 | D:5      | Reached skill level 12 in Stealth
  5057 | D:5      | Found an opulent altar of Gozag.
  5073 | D:5      | Found a shattered altar of Ashenzari.
  5082 | D:5      | Found a burning altar of Makhleb.
  5453 | D:6      | Found a radiant altar of Vehumet.
  5538 | D:6      | Found a shadowy altar of Dithmenos.
  5551 | D:6      | Killed Elvalys's ghost
  5563 | D:6      | Reached XP level 9. HP: 14/56 MP: 10/12
  5565 | D:6      | Noticed Duvessa
  5567 | D:6      | Noticed Dowan
  5577 | D:6      | Killed Dowan
  5578 | D:6      | Killed Duvessa
  5578 | D:6      | Reached skill level 5 in Evocations
  5833 | D:6      | XOM: give mutation
  5833 | D:6      | Gained mutation: You are dopey. (Int -2) [Xom's mischief]
  5868 | D:6      | Found Ygiucim's General Store.
  5895 | D:6      | Bought 6 curare-tipped needles for 46 gold pieces
  6036 | D:6      | Noticed Crazy Yiuf
  6049 | D:6      | Killed Crazy Yiuf
  6137 | D:6      | Found an iron altar of Okawaru.
  6260 | D:7      | Found Amo Zaes's Armour Shoppe.
  6265 | D:7      | Found Wamerr's Armour Shop.
  6329 | D:7      | XOM: chaos upgrade
  6337 | D:7      | Reached skill level 5 in Slings
  6554 | D:7      | Found Alui's Assorted Antiques.
  6560 | D:7      | Bought a purple potion for 17 gold pieces
  6721 | D:7      | Found Eliasch's Antique Weapon Shop.
  6730 | D:7      | Bought a warped rapier for 261 gold pieces
  6730 | D:7      | Identified the cursed +0 rapier of the Coin {freeze, *Drain rN+ MR+ Stlth+} (You bought it in a shop on level 7 of the Dungeon)
  6926 | D:8      | Found a snail-covered altar of Cheibriados.
  6940 | D:8      | Reached ** piety under Fedhas
  7149 | D:8      | XOM: medium Air miscast
  7227 | D:8      | XOM: noise
  7606 | D:8      | Reached XP level 10. HP: 11/63 MP: 15/15
  8056 | D:8      | XOM: medium Summ miscast
  8057 | D:8      | Noticed a sun demon
  8180 | D:8      | XOM: mild Conj miscast
  8304 | D:9      | XOM: mild Necr miscast
  8332 | D:9      | Reached skill level 5 in Invocations
  8348 | D:9      | XOM: noise
  8353 | D:9      | Noticed a hill giant
  8364 | D:9      | Mangled by a hill giant

Action                   |  1- 3 |  4- 6 |  7- 9 | 10-12 || total
-------------------------+-------+-------+-------+-------++-------
Melee: Short sword       |    52 |    38 |    45 |       ||   135
       Rapier            |       |       |    71 |       ||    71
 Fire: Hunting sling     |       |       |   296 |    56 ||   352
       Blowgun           |       |       |       |     6 ||     6
Invok: Evolution         |       |       |     8 |     2 ||    10
       Sunlight          |       |       |       |     1 ||     1
Evoke: Wand              |       |       |     5 |       ||     5
  Use: Scroll            |       |     4 |    13 |       ||    17
       Potion            |       |     2 |     8 |       ||    10
 Stab: Sleeping          |    18 |    11 |    18 |       ||    47
  Eat: Royal jelly       |       |     1 |       |       ||     1
       Chunk             |       |     1 |       |       ||     1
       Pizza             |       |       |     2 |       ||     2
       Bread ration      |       |       |     1 |       ||     1
       Meat ration       |       |       |     2 |       ||     2
       Beef jerky        |       |       |     2 |       ||     2
